 Dungeon Crawl Stone Soup version 0.30-a0-263-ge22c4ad894 (webtiles) character file.

Game seed: 14195474979148249782

34 Lobster4 the Gusty (level 3, 0/28 HPs)
             Began as a Gnoll Wanderer on Oct 13, 2022.
             Slain by an orc
             ... wielding a +0 short sword
              (4 damage)
             ... on level 3 of the Dungeon.
             The game lasted 00:06:54 (1884 turns).

Lobster4 the Gusty (Gnoll Wanderer)                 Turns: 1884, Time: 00:06:54

Health: 0/28       AC:  2    Str: 10    XL:     3   Next: 31%
Magic:  7/7        EV: 11    Int: 10    God:
Gold:   54         SH:  0    Dex: 15    Spells: 6/7 levels left

rFire   . . .      SeeInvis .    a - +0 long sword
rCold   . . .      Faith    .    (no shield)
rNeg    . . .      Spirit   .    g - +0 robe
rPois   .          Reflect  .    (no helmet)
rElec   .          Harm     .    (no cloak)
rCorr   .          Rampage  .    (no gloves)
Will    .....                    (no boots)
Stlth   +++.......               (no amulet)
HPRegen 0.24/turn                (no ring)
MPRegen 0.10/turn                (no ring)

@: mighty
A: fangs 1, strong nose, distributed training
a: no special abilities


You were on level 3 of the Dungeon.
You visited 1 branch of the dungeon, and saw 3 of its levels.

You collected 80 gold pieces.
You spent 26 gold pieces at shops.

Inventory:

Hand Weapons
 a - a +0 long sword (weapon)
 e - a +0 dagger
 q - a +0 dagger
Missiles
 b - 5 atropa-tipped darts
 c - 2 datura-tipped darts
 d - 13 poisoned darts (quivered)
 j - 19 stones
Armour
 g - a +0 robe (worn)
 o - an orb of mayhem
Scrolls
 f - a scroll of identify
 h - a scroll of enchant armour {unknown}
 i - 2 scrolls of vulnerability {unknown}
 l - a scroll of poison {unknown}
 m - a scroll of teleportation {unknown}
 r - a scroll of immolation {unknown}
Potions
 k - a potion of magic
 p - 2 potions of lignification {unknown}


   Skills:
 + Level 2.6 Fighting
 + Level 0.8 Short Blades
 + Level 0.8 Long Blades
 + Level 0.8 Axes
 + Level 0.8 Maces & Flails
 + Level 0.8 Polearms
 + Level 0.8 Staves
 + Level 0.8 Ranged Weapons
 + Level 4.5 Throwing
 + Level 0.8 Armour
 + Level 0.8 Dodging
 + Level 4.1 Stealth
 + Level 0.8 Shields
 + Level 0.8 Unarmed Combat
 + Level 2.8 Spellcasting
 + Level 0.5 Conjurations
 + Level 0.5 Hexes
 + Level 0.5 Summonings
 + Level 0.5 Necromancy
 + Level 0.5 Translocations
 + Level 0.5 Transmutations
 + Level 0.5 Fire Magic
 + Level 0.5 Ice Magic
 + Level 5.4 Air Magic
 + Level 0.5 Earth Magic
 + Level 0.5 Poison Magic
 + Level 2.6 Invocations
 + Level 0.8 Evocations


You had 6 spell levels left.
You knew the following spells:

 Your Spells              Type           Power      Damage    Failure   Level
a - Shock                 Conj/Air       28%        1d4       9%          1

Your spell library contained the following spells:

 Spells                   Type           Power      Damage    Failure   Level
 Scorch                   Fire           4%         2d5       34%         2
 Mephitic Cloud           Conj/Pois/Air  5%         N/A       34%         3
 Portal Projectile        Hex/Tloc       4%         N/A       56%         3
 Tukima's Dance           Hex            2%         N/A       56%         3
 Flame Wave               Conj/Fire      2%         2d4       92%         4
 Blade Hands              Tmut           1%         N/A       99%         5
 Summon Cactus Giant      Summ           1%         N/A       100%        6


Dungeon Overview and Level Annotations

Branches:
Dungeon (3/15)

Altars:

Shops:
D:1 *


Innate Abilities, Weirdness & Mutations

You have very sharp teeth.
Your uncanny sense of smell can sniff out nearby items.
Your experience applies equally to all skills.


Message History

No target in view!
The kobold shouts!
You hear a shout! x2
An orc priest comes into view. It is wielding a +0 hand axe.
Found a stone staircase leading down.
The orc priest shouts!
You hit the kobold but do no damage. You bite the kobold, but do no damage.
The kobold hits you with a +0 short sword.
You hit the kobold. Your punch misses the kobold. Your bite misses the kobold.
The kobold is severely wounded.
An orc comes into view. It is wielding a +0 morningstar.
The kobold hits you with a +0 short sword.
You slash the kobold!
You kill the kobold!
An orc comes into view. It is wielding a +0 short sword.
The orc priest invokes the aid of Beogh against you.
Beogh smites you!
Okay, then.
As you read the scroll of identify, it crumbles to dust.
n - a potion of might You feel very mighty all of a sudden.
The orc priest looks satisfied for a moment.
The orc priest invokes the aid of Beogh against you.
Pain shoots through your body!
You closely miss the orc.
The orc priest miscasts a cantrip.
The orc barely misses you.
An orc comes into view. It is wielding a +0 dagger.
The orc shouts!
You slash the orc!
You kill the orc!
The orc priest mumbles some strange prayers to Beogh against you.
Pain shoots through your body!
* * * LOW HITPOINT WARNING * * *
The orc priest misses you.
You slice the orc priest!!
You kill the orc priest!
The orc hits you with a +0 short sword.
* * * LOW HITPOINT WARNING * * *
The orc hits you with a +0 short sword.
You die...

#...# #... ..###
#...#####.## #.#
#...........
#.###########..###..#
#
#................#..#
.#
##############.#.#..
..# .....#.#.#.#...#
..........#.....#
#####.#..@o)#
......!..o.......
####.####.#.#...> #.
..#.# ... # ### # #


You could see 2 orcs.

Vanquished Creatures
  An orc priest (D:3)
  A worm (D:2)
  A dart slug (D:1)
  An orc (D:3)
  3 ball pythons (D:1)
  A hobgoblin (D:1)
  5 kobolds
  2 quokkas
  6 bats
  6 frilled lizards
  7 rats
34 creatures vanquished.

Notes
Turn   | Place    | Note
-------+----------+-------------------------------------------
     0 | D:1      | Lobster4 the Gnoll Wanderer began the quest for the Orb.
     0 | D:1      | Lobster4 set off with the following items: a +0 dagger, 2
                  | atropa-tipped darts, 2 datura-tipped darts, 13 poisoned
                  | darts, a +0 dagger, a potion of attraction, a +0 robe; and
                  | the following spell memorised: Shock; and the following
                  | spells available to memorise: Mephitic Cloud.
     0 | D:1      | Reached XP level 1. HP: 17/17 MP: 4/4
   219 | D:1      | Reached XP level 2. HP: 23/23 MP: 2/5
   415 | D:1      | Found Ceestioga's General Store.
   423 | D:1      | Bought a scroll of identify for 26 gold pieces
  1427 | D:2      | Reached XP level 3. HP: 28/28 MP: 7/7
  1884 | D:3      | Slain by an orc

Illustrated notes

Levels and vault maps discovered:
D:1:      dpeg_arrival_refuge, layout_loops_ring, serial_shops,
          nicolae_shop_hallway_stairs
D:2:      layout_loops_ring, kennysheep_generic_room_8
D:3:      layout_basic, minmay_rat_hole

Action                   || total
-------------------------++-------
Melee: Dagger            ||    32
       Bite              ||     5
       Long sword        ||    15
 Cast: Shock             ||    33
  Use: Scroll            ||     2
       Potion            ||     1
 Stab: Sleeping          ||     4
Armor: Robe              ||     9
Dodge: Dodged            ||    26

Table legend: (Time is in decaauts)
 A = Elapsed time spent in this place.
 B = Non-inter-level travel time spent in this place.
 C = Inter-level travel time spent in this place.
 D = Time resting spent in this place.
 E = Time spent auto-exploring this place.
 F = Levels seen in this place.
 G = Mean time per level.
                   A        B        C        D        E       F      G
               +--------+--------+--------+--------+--------+-----+--------+
         Total |   1887 |   1777 |    110 |     71 |   1446 |   3 |  629.0 |
       Dungeon |   1887 |   1777 |    110 |     71 |   1446 |   3 |  629.0 |
               +--------+--------+--------+--------+--------+-----+--------+

Top non-repeatable levels by time:
     D:1: 999 daAuts
     D:2: 845 daAuts
     D:3: 42 daAuts
